 Dungeon Crawl Stone Soup version 0.31-a0-202-g547052bce9 (webtiles) character file.

Game seed: 12848930732662475588

1592 qw the Skirmisher (level 8, -10/46 HPs)
             Began as a Deep Elf Hunter on June 26, 2023.
             Was a Follower of Okawaru.
             Mangled by an orc warrior
             ... wielding a +0 halberd
              (15 damage)
             ... on level 6 of the Dungeon.
             The game lasted 00:02:37 (4947 turns).

qw the Skirmisher (Deep Elf Hunter)                 Turns: 4947, Time: 00:02:38

Health: -10/46     AC: 13    Str: 15    XL:     8   Next: 61%
Magic:  11/13      EV: 22    Int: 14    God:    Okawaru [*.....]
Gold:   116        SH:  0    Dex: 22    Spells: 7/7 levels left

rFire   . . .        Y - +0 shortbow
rCold   . . .        (shield currently unavailable)
rNeg    . . .        f - +0 ring mail
rPois   .            n - +2 hat {Will+}
rElec   .            g - +2 cloak
rCorr   .            (no gloves)
SInv    +            h - +2 pair of slick slippers {slick, slippery, EV+4}
Will    ++...        (no amulet)
Stlth   +++          c - +6 ring of strength
HPRegen 0.27/turn    b - ring of willpower
MPRegen 0.13/turn

%: no passive effects
@: about to teleport, heroic
A: hooves 1, see invisible, agile 1
a: Renounce Religion, Heroism


You were on level 6 of the Dungeon.
You worshipped Okawaru.
Okawaru was aware of your devotion.
You visited 1 branch of the dungeon, and saw 9 of its levels.
You also visited: Sewer.

You collected 376 gold pieces.
You spent 260 gold pieces at shops.


Innate Abilities, Weirdness & Mutations

You have large cloven feet.
You have supernaturally acute eyesight. (SInv)
You are agile. (Dex +4, Str/Int -1)


   Skills:
 - Level 3.4(8.4) Fighting
 + Level 12.2(17.2) Ranged Weapons
 - Level 1.0(6.0) Armour
 - Level 5.0(10.0) Dodging
 - Level 1.2(6.2) Stealth
 - Level 4.1 Invocations


You had 7 spell levels left.
You didn't know any spells.
Your spell library was empty.

Inventory:

Hand Weapons
 Y - a +0 shortbow (weapon)
Armour
 f - a +0 ring mail (worn)
 g - a +2 cloak (worn)
 h - the +2 pair of slick slippers (worn) {slick, slippery, EV+4}
   (You found it on level 2 of the Dungeon)

   Slick:     Its wearer cannot be constricted, engulfed, netted or webbed.
   Slippery:  Its wearer slips away from damaging melee attacks, pulling the
   attacker onward.
   EV:        It affects your evasion (+4).
 n - a +2 hat of willpower (worn)
Jewellery
 b - a ring of willpower (right hand)
 c - a +6 ring of strength (left hand)
 o - a ring of fire
Scrolls
 e - 4 scrolls of teleportation
 j - a scroll of identify
 l - a scroll of enchant weapon {unknown}
 q - 3 scrolls of poison {unknown}
Potions
 a - 2 potions of curing
 d - a potion of magic
 i - a potion of enlightenment {unknown}
 k - 3 potions of mutation
 m - 2 potions of heal wounds
 p - a potion of berserk rage {unknown}
 r - a potion of haste

Dungeon Overview and Level Annotations

Branches:
Dungeon (9/15)             Temple (0/1) D:4           Sewer (visited)
   Lair: D:8-11         Orc: D:9-12

Altars:
Cheibriados
Dithmenos
Fedhas
Kikubaaqudgha
Nemelex Xobeh
Okawaru
Sif Muna
Wu Jian
Zin

Shops:
D:6 !


Message History

You shoot an arrow.
The arrow hits the orc warrior but does no damage.
The orc warrior hits you with a +0 halberd.
You slip backwards!
You shoot an arrow.
The arrow hits the orc warrior but does no damage.
The orc warrior barely misses you.
You shoot an arrow. The arrow hits the orc warrior!
The orc warrior is moderately wounded.
You shoot an arrow.
The arrow barely misses the orc warrior.
The orc warrior closely misses you.
You shoot an arrow. The arrow hits the orc warrior!
The orc warrior is heavily wounded.
The orc warrior hits you with a +0 halberd.
You slip backwards!
You shoot an arrow. The arrow hits the orc warrior.
The orc warrior is severely wounded.
The orc warrior misses you.
You shoot an arrow.
The arrow barely misses the orc warrior.
The orc warrior hits you with a +0 halberd!
You shoot an arrow. The arrow hits the orc warrior.
The orc warrior is severely wounded.
You shoot an arrow.
The arrow closely misses the orc warrior.
The orc warrior misses you.
You shoot an arrow.
The arrow hits the orc warrior but does no damage.
The orc warrior is severely wounded.
You feel like a meek peon again. The orc warrior misses you.
4946 ||| INVOKING Heroism.
You gain the combat prowess of a mighty hero.
The orc warrior hits you with a +0 halberd!
4947 ||| READING 5 scrolls of teleportation.
As you read the scroll of teleportation, it crumbles to dust.
You feel strangely unstable.
The orc warrior hits you with a +0 halberd!
You die...

#). ##.. #.# ##¤¤.
#.####.#####¤¤..
#).....#..#¤¤¤¤.
#.#### #....¤...
#)...###......._
##.....##...¤....
##o......#..#..¤..
#@..........##¤¤¤¤
#.......>...###¤¤.
#.........### ##¤.
##.......## #..
##.....##### ##.
##........# #.
##.#####.# ##>
#.#####.####..
#............#


You could see an orc warrior.

Vanquished Creatures
  Eustachio (D:5)
  An ice beast (D:6)
  An ogre (D:4)
  2 phantoms (D:5)
  A kobold brigand (D:7)
  4 bullfrogs
  A howler monkey (D:6)
  2 hounds
  A jelly (D:5)
  2 orc priests
  4 orc wizards
  Terence (D:3)
  2 iguanas (D:6)
  Natasha (thrice) (D:4)
  15 adders
  3 gnolls (D:5)
  2 shadow imps (D:5)
  5 ufetubi
  A dart slug (D:2)
  21 orcs
  13 ball pythons
  4 bats
  7 endoplasms
  16 giant cockroaches
  8 goblins
  5 hobgoblins
  17 kobolds
  6 quokkas
  12 frilled lizards
  3 rats
164 creatures vanquished.

Vanquished Creatures (others)
  A human (D:4)
1 creature vanquished.

Grand Total: 165 creatures vanquished

Notes
Turn   | Place    | Note
-------+----------+-------------------------------------------
     0 | D:1      | qw the Deep Elf Hunter began the quest for the Orb.
     0 | D:1      | Reached XP level 1. HP: 12/12 MP: 3/3
     0 | D:1      | 0 ||| qw: Version: 0.3-a-22-g0ed2b0b
     0 | D:1      | 0 ||| qw: Game counter: 5838
     0 | D:1      | 0 ||| qw: Melee chars always use a shield: true
     0 | D:1      | 0 ||| qw: God list: Okawaru
     0 | D:1      | 0 ||| qw: Allow faded altars: false
     0 | D:1      | 0 ||| qw: Do Orc after clearing Dungeon:15 true
     0 | D:1      | 0 ||| qw: Do second Lair branch before Depths: true
     0 | D:1      | 0 ||| qw: Lair rune preference: random
     0 | D:1      | 0 ||| qw: Goals: Normal
     0 | D:1      | 0 ||| PLANNING D:1-11
    83 | D:1      | Found a faded altar of an unknown god.
   187 | D:1      | Reached XP level 2. HP: 16/16 MP: 4/4
   301 | D:1      | Reached skill level 6 in Ranged Weapons
   684 | D:1      | 684 ||| UPGRADING to +0 ring mail.
   694 | D:1      | 694 ||| DROPPING +0 leather armour.
   695 | D:1      | 695 ||| READING 2 scrolls labelled VAUZECLEFRU.
   696 | D:1      | 696 ||| READING scroll labelled MOATZU SOARROTT.
   697 | D:1      | 697 ||| READING scroll labelled KOEGER IKKINLOTU.
   700 | D:1      | 700 ||| READING scroll labelled YNIN ESTRAOPEOGU.
   701 | D:1      | 701 ||| READING 2 scrolls labelled POIHIDEOLE.
   702 | D:1      | 702 ||| DROPPING scroll of fog.
   703 | D:1      | 703 ||| DROPPING scroll of butterflies.
   751 | D:2      | Reached XP level 3. HP: 20/20 MP: 5/5
   874 | D:2      | Reached skill level 7 in Ranged Weapons
  1023 | D:2      | Reached XP level 4. HP: 25/25 MP: 6/6
  1177 | D:2      | Found the +2 pair of slick slippers {slick, slippery, EV+4}
  1180 | D:2      | 1180 ||| Stepping ~*~*~tactically~*~*~ (outnumbered).
  1211 | D:2      | 1211 ||| UPGRADING to +2 cloak.
  1216 | D:2      | 1216 ||| UPGRADING to +2 pair of slick slippers {slick,
                  | slippery, EV+4}.
  1221 | D:2      | 1221 ||| DROPPING amulet of magic regeneration.
  1222 | D:2      | 1222 ||| UPGRADING to +6 ring of strength.
  1223 | D:2      | 1223 ||| DRINKING 3 amethyst potions.
  1224 | D:2      | 1224 ||| DROPPING 2 potions of attraction.
  1272 | D:3      | Found a glowing silver altar of Zin.
  1312 | D:3      | Noticed Terence
  1321 | D:3      | Killed Terence
  1322 | D:3      | Reached skill level 8 in Ranged Weapons
  1389 | D:3      | Found an iron altar of Okawaru.
  1391 | D:3      | Found a shimmering blue altar of Sif Muna.
  1407 | D:3      | 1407 ||| PLANNING OKAWARU WORSHIP
  1407 | D:3      | 1407 ||| READING scroll labelled QUANOAB ZIN.
  1408 | D:3      | 1408 ||| READING scroll labelled ONWUKK CISIN.
  1409 | D:3      | 1409 ||| DRINKING 2 bubbling amethyst potions.
  1409 | D:3      | Gained mutation: You are agile. (Dex +4, Str/Int -1)
                  | [potion of mutation]
  1409 | D:3      | Gained mutation: You have large cloven feet. [potion of
                  | mutation]
  1409 | D:3      | Gained mutation: You have supernaturally acute eyesight.
                  | (SInv) [potion of mutation]
  1436 | D:3      | 1436 ||| FLEEEEING.
  1447 | D:3      | 1447 ||| FLEEEEING.
  1464 | D:3      | Became a worshipper of Warmaster Okawaru
  1465 | D:3      | 1465 ||| PLANNING D:1-11
  1496 | D:3      | Found a snail-covered altar of Cheibriados.
  1555 | D:3      | Identified the +0 whip of Puresuki {spect, Str+3}
  1971 | D:3      | 1971 ||| UPGRADING to +0 helmet.
  1976 | D:3      | 1976 ||| DROPPING amulet of guardian spirit.
  1977 | D:3      | 1977 ||| READING scroll labelled VOPASTR DUNU.
  1978 | D:3      | 1978 ||| READING 2 scrolls of identify.
  1978 | D:3      | 1978 ||| IDENTIFYING golden potion
  2003 | D:4      | Noticed Natasha
  2004 | D:4      | 2004 ||| PLANNING SEWER
  2011 | D:4      | Reached XP level 5. HP: 20/29 MP: 7/7
  2011 | D:4      | Killed Natasha
  2012 | D:4      | Reached skill level 3 in Dodging
  2073 | D:4      | Found a glowing drain.
  2074 | D:4      | 2074 ||| UPGRADING to ring of willpower.
  2081 | Sewer    | Entered a sewer
  2087 | Sewer    | 2087 ||| Stepping ~*~*~tactically~*~*~ (water).
  2089 | Sewer    | 2089 ||| Stepping ~*~*~tactically~*~*~ (water).
  2091 | Sewer    | 2091 ||| Stepping ~*~*~tactically~*~*~ (water).
  2103 | Sewer    | 2103 ||| Stepping ~*~*~tactically~*~*~ (water).
  2115 | Sewer    | 2115 ||| Stepping ~*~*~tactically~*~*~ (water).
  2208 | Sewer    | 2208 ||| Stepping ~*~*~tactically~*~*~ (water).
  2218 | Sewer    | 2218 ||| Stepping ~*~*~tactically~*~*~ (water).
  2237 | Sewer    | 2237 ||| Stepping ~*~*~tactically~*~*~ (water).
  2286 | Sewer    | Reached skill level 9 in Ranged Weapons
  2353 | Sewer    | Reached * piety under Okawaru
  2354 | Sewer    | Reached XP level 6. HP: 32/36 MP: 8/8
  2568 | Sewer    | 2568 ||| READING scroll labelled PEMAKE VIOLIN.
  2588 | D:4      | 2588 ||| PLANNING D:1-11
  2665 | D:4      | Reached skill level 1 in Armour
  2665 | D:4      | Reached skill level 1 in Invocations
  2835 | D:4      | Noticed Natasha
  2836 | D:4      | 2836 ||| INVOKING Heroism.
  2840 | D:4      | Killed Natasha
  2851 | D:4      | Noticed Natasha
  2854 | D:4      | 2854 ||| Stepping ~*~*~tactically~*~*~ (outnumbered).
  2856 | D:4      | 2856 ||| INVOKING Heroism.
  2857 | D:4      | 2857 ||| Stepping ~*~*~tactically~*~*~ (outnumbered).
  2863 | D:4      | Killed Natasha
  2946 | D:4      | 2946 ||| INVOKING Heroism.
  2954 | D:4      | Reached XP level 7. HP: 23/40 MP: 7/10
  3040 | D:4      | Found a staircase to the Ecumenical Temple.
  3055 | D:4      | Found an ancient bone altar of Kikubaaqudgha.
  3060 | D:4      | Noticed a human
  3062 | D:4      | Killed a human
  3094 | D:4      | 3094 ||| DROPPING ring of magical power.
  3095 | D:4      | 3095 ||| READING scroll labelled SENEUS VAOWK.
  3165 | D:4      | 3165 ||| READING 2 scrolls of identify.
  3165 | D:4      | 3165 ||| IDENTIFYING fuming golden potion
  3179 | D:5      | Entered Level 5 of the Dungeon
  3187 | D:5      | 3187 ||| FLEEEEING.
  3189 | D:5      | 3189 ||| STAIRDANCE
  3205 | D:5      | 3205 ||| STAIRDANCE
  3212 | D:4      | Reached skill level 10 in Ranged Weapons
  3273 | D:5      | Reached skill level 3 in Invocations
  3414 | D:5      | Found an ornate altar of the Wu Jian Council.
  3414 | D:5      | Found a sparkling altar of Nemelex Xobeh.
  3675 | D:5      | 3675 ||| INVOKING Heroism.
  3765 | D:5      | Noticed Eustachio
  3766 | D:5      | 3766 ||| INVOKING Heroism.
  3772 | D:5      | 3772 ||| Stepping ~*~*~tactically~*~*~ (outnumbered).
  3780 | D:5      | 3780 ||| INVOKING Heroism.
  3803 | D:5      | 3803 ||| INVOKING Heroism.
  3809 | D:5      | Killed Eustachio
  3810 | D:5      | Reached skill level 11 in Ranged Weapons
  3810 | D:5      | Reached XP level 8. HP: 45/45 MP: 10/13
  3924 | D:5      | 3924 ||| UPGRADING to +2 hat of willpower.
  3934 | D:5      | 3934 ||| DROPPING +0 helmet.
  4243 | D:6      | You fall into a shaft and drop 3 floors!
  4305 | D:9      | 4305 ||| DROPPING ring of wizardry.
  4310 | D:9      | 4310 ||| FLEEEEING.
  4312 | D:9      | 4312 ||| STAIRDANCE
  4314 | D:8      | 4314 ||| INVOKING Heroism.
  4442 | D:8      | Found a blossoming altar of Fedhas.
  4540 | D:7      | 4540 ||| Stepping ~*~*~tactically~*~*~ (outnumbered).
  4625 | D:6      | Found a shadowy altar of Dithmenos.
  4633 | D:6      | Reached skill level 12 in Ranged Weapons
  4737 | D:6      | Reached skill level 3 in Fighting
  4762 | D:6      | Found Wuuklusapo's Distillery.
  4766 | D:6      | 4766 ||| BUYING potion of curing (30 gold).
  4766 | D:6      | Bought a potion of curing for 30 gold pieces
  4766 | D:6      | 4766 ||| BUYING potion of haste (100 gold).
  4766 | D:6      | Bought a potion of haste for 100 gold pieces
  4766 | D:6      | 4766 ||| BUYING potion of heal wounds (50 gold).
  4766 | D:6      | Bought a potion of heal wounds for 50 gold pieces
  4766 | D:6      | 4766 ||| BUYING potion of mutation (80 gold).
  4766 | D:6      | Bought a potion of mutation for 80 gold pieces
  4918 | D:6      | 4918 ||| INVOKING Heroism.
  4946 | D:6      | 4946 ||| INVOKING Heroism.
  4946 | D:6      | HP: 5/46 [orc warrior/+0 halberd (8)]
  4947 | D:6      | 4947 ||| READING 5 scrolls of teleportation.
  4947 | D:6      | Mangled by an orc warrior

Levels and vault maps discovered:
D:1:      matt_arrival_spirals, layout_basic,
          hellmonk_ecumenical_altar_heavens_door
D:2:      layout_rooms, minmay_split_cup_large
D:3:      layout_basic, mainiacjoe_overflow_alcove_1,
          mainiacjoe_overflow_concentric_impassable, jmf_multi_god_temple,
          minmay_misc_feat_more_columns, uniq_terence
D:4:      layout_rooms, tgw_kikubaaqudgha, temple_pool_b,
          cheibrodos_sewer_entry_drain, bh_walls_and_bars, uniq_natasha
D:5:      layout_gridville, chequers_temple_overflow_statue_of_worship,
          uniq_eustachio
D:6:      layout_loops_cross, nicolae_dithmenos_the_darkroom, serial_shops,
          nicolae_shop_back_alley_shop, moated_statue, corexii_corridor_pit
D:7:      layout_loops_ring, kennysheep_mini_moat, minivault_27, uniq_duvessa,
          uniq_joseph
D:8:      layout_cave_pods, lemuel_crystal_altar, fedhas_altar_2
D:9:      layout_basic, nicolae_water_bricks, minmay_fractal_squares_gapless_7

Skill      XL: |  1  2  3  4  5  6  7  8 |
---------------+-------------------------+-----
Ranged Weapons | 6 7 8 9 11 12 | 12.2
Dodging        | 3 4 5 |  5.0
Fighting       | 2 3 |  3.4
Armour         | 1 |  1.0
Invocations    | 2 4 |  4.1
Stealth        | |  1.2

Action                     |  1- 3 |  4- 6 |  7- 9 || total
---------------------------+-------+-------+-------++-------
   Fire: Shortbow          |    86 |   224 |   288 ||   598
 Invoke: Heroism           |       |     3 |     7 ||    10
    Use: Scroll            |     5 |     5 |     3 ||    13
         Potion            |       |     2 |       ||     2
 Armour: Leather armour    |     5 |       |       ||     5
         Ring mail         |     9 |    28 |    42 ||    79
  Dodge: Dodged            |    23 |    67 |   151 ||   241

Table legend:
 A = Non-vault XP
 B = Vault XP
 C = Vault XP percentage of total XP
 D = Non-vault monster count
 E = Vault monster count
 F = Vault count percentage of total count
                 A         B        C        D         E       F
            +---------+---------+-------+---------+---------+-------
      Total |    1768 |     507 |  22.3 |     122 |      42 |  25.6
            +---------+---------+-------+---------+---------+-------
        D:1 |      40 |       0 |   0.0 |      25 |       0 |   0.0
        D:2 |      64 |      31 |  32.6 |      16 |       5 |  23.8
        D:3 |      15 |      39 |  72.2 |      10 |       3 |  23.1
        D:4 |     435 |      40 |   8.4 |      20 |       4 |  16.7
        D:5 |     445 |     197 |  30.7 |      22 |       1 |   4.3
        D:6 |     478 |       0 |   0.0 |      18 |       0 |   0.0
        D:7 |     111 |       0 |   0.0 |       6 |       0 |   0.0
        D:8 |     180 |       0 |   0.0 |       5 |       0 |   0.0
      Sewer |       0 |     200 | 100.0 |       0 |      29 | 100.0
            +---------+---------+-------+---------+---------+-------
